 Dungeon Crawl Stone Soup version 0.26.0-18-gc5c842f807 (webtiles) character file.

Game seed: 5262874341013299584

36 kaeus the Skirmisher (level 3, 0/29 HPs)
             Began as a Demonspawn Fighter on Jan 23, 2021.
             Slain by a gnoll
             ... wielding a +2 halberd of freezing
              (3 damage)
             ... on level 2 of the Dungeon.
             The game lasted 00:01:02 (927 turns).

kaeus the Skirmisher (Demonspawn Fighter)            Turns: 927, Time: 00:01:03

Health: 0/29       AC:  8    Str: 23    XL:     3   Next: 19%
Magic:  0/3        EV:  7    Int:  9    God:
Gold:   40         SH:  9    Dex: 12    Spells: 2/2 levels left

rFire    . . .     SeeInvis .   f - +3 dagger
rCold    . . .     Faith    .   c - +0 kite shield
rNeg     . . .     Spirit   +   b - +0 scale mail
rPois    .         Reflect  .   (no helmet)
rElec    .         Harm     .   i - +0 cloak
rCorr    .         Rampage  .   (no gloves)
Will     .....                  (no boots)
Stlth    ..........             (no amulet)
HPRegen  0.09/turn              j - +6 ring of strength
MPRegen  0.08/turn              (no ring)

@: mighty
A: rugged brown scales 1, magic shield
a: no special abilities


You were on level 2 of the Dungeon.
You visited 1 branch of the dungeon, and saw 2 of its levels.

You collected 40 gold pieces.

Inventory:

Hand Weapons
 a - a +0 war axe
 f - a +3 dagger (weapon)
Armour
 b - a +0 scale mail (worn)
 c - a +0 kite shield (worn)
 i - a +0 cloak (worn)
Jewellery
 j - a +6 ring of strength (left hand)
Scrolls
 e - 2 scrolls of remove curse {unknown}
 g - a scroll of teleportation {unknown}
 h - a scroll of enchant armour {unknown}
 k - a scroll of enchant weapon {unknown}


   Skills:
 + Level 3.3 Fighting
 + Level 0.5 Short Blades
 - Level 2.0 Axes
 + Level 3.0 Armour
 + Level 3.1 Shields


You had 2 spell levels left.
You didn't know any spells.
Your spell library was empty.

Dungeon Overview and Level Annotations

Branches:
Dungeon (2/15)

Altars:


Innate Abilities, Weirdness & Mutations

You are partially covered in rugged brown scales. (AC +1, +3% HP)
When hurt, damage is shared between your health and your magic reserves.


Message History

You hit the centaur but do no damage.
The centaur is heavily wounded.
The centaur hits you. You block the gnoll's attack. The centaur hits you.
The gnoll barely misses you.
You take 5 damage, and have 13/29 hp.
You closely miss the centaur.
The centaur is heavily wounded.
The centaur hits you but does no damage.
The gnoll closely misses you.
You feel very mighty all of a sudden. The centaur barely misses you.
You block the gnoll's attack. The gnoll hits you but does no damage.
The centaur hits you.
You take 1 damage, and have 12/29 hp.
You hit the centaur.
The centaur is heavily wounded.
The centaur hits you but does no damage.
The gnoll hits you from afar with a +2 halberd of freezing!
* * * LOW HITPOINT WARNING * * *
The gnoll freezes you.
You die...

#..........##.....##..
#.....................
#...)......###.##.....
#..........# #.# #...#
#..........# #.# .....
############ #(#g.....
#(#g#.#.. ##g.......
#.@....#.. #.c......#
##..#..### ......#
#.#..## ..#..# ###..#
..#


You could see a centaur and 3 gnolls.

Vanquished Creatures
  2 ball pythons (D:1)
  2 bats (D:1)
  3 giant cockroaches (D:1)
  5 goblins
  4 hobgoblins
  3 jackals (D:1)
  2 frilled lizards (D:1)
  4 kobolds
  8 rats
33 creatures vanquished.

Notes
Turn   | Place    | Note
-------+----------+-------------------------------------------
     0 | D:1      | kaeus the Demonspawn Fighter began the quest for the Orb.
     0 | D:1      | Reached XP level 1. HP: 18/18 MP: 1/1
   176 | D:1      | Gained mutation: When hurt, damage is shared between your
                  | health and your magic reserves. [demonic ancestry]
   176 | D:1      | Reached XP level 2. HP: 9/24 MP: 2/2
   802 | D:2      | Gained mutation: You are partially covered in rugged brown
                  | scales. (AC +1, +3% HP) [demonic ancestry]
   802 | D:2      | Reached XP level 3. HP: 24/29 MP: 3/3
   914 | D:2      | Noticed a centaur
   927 | D:2      | Slain by a gnoll

Illustrated notes

Levels and vault maps discovered:
D:1:      dpeg_arrival_round_a, layout_rooms, hangedman_decor_clover_reticule
D:2:      cheibrodos_greedy_goblins, layout_rooms, minmay_tetromino_s4,
          uniq_sigmund

Skill      XL: |  1  2 |
---------------+-------+-----
Axes           | 2 |  2.0
Shields        | 3 |  3.1
Armour         | 3 |  3.0
Fighting       | |  3.3
Short Blades   | |  0.5

Action                   || total
-------------------------++-------
Melee: War axe           ||    29
       Dagger            ||    57
  Use: Potion            ||     1
Armor: Scale mail        ||    69
Dodge: Dodged            ||    24
Block: Kite shield       ||    62
